 Dungeon Crawl Stone Soup version 0.30-a0-723-gc1506a1cf0 (webtiles) character file.

Game seed: 4927348313909920491

585 bande the Chopper (level 7, -1/43 HPs)
             Began as a Gargoyle Fighter on Jan 29, 2023.
             Was a Follower of Okawaru.
             Slain by a gnoll
             ... wielding a +0 whip
              (4 damage)
             ... on level 4 of the Dungeon.
             The game lasted 00:07:24 (4140 turns).

bande the Chopper (Gargoyle Fighter)                Turns: 4140, Time: 00:07:25

Health: -1/43      AC: 11    Str: 26    XL:     7   Next: 37%
Magic:  0/8        EV:  9    Int:  8    God:    Okawaru [*.....]
Gold:   330        SH:  4    Dex: 11    Spells: 6/6 levels left

rFire   . . .      SeeInvis .    a - +1 war axe (spect)
rCold   . . .      Faith    .    c - +0 buckler
rNeg    + . .      Spirit   +    b - +0 scale mail
rPois   ∞          Reflect  .    (no helmet)
rElec   +          Harm     .    (no cloak)
rCorr   .          Rampage  .    (no gloves)
Will    .....                    (no boots) Stlth
                                 q - amulet of guardian spirit
HPRegen 0.27/turn                m - +6 ring of strength
MPRegen 0.11/turn                (no ring)

@: unable to drink
A: sickness immunity, AC +4, negative energy resistance 1, electricity
resistance, torment resistance 1, petrification resistance, high MP 1, inability
to drink after injury 1
a: Renounce Religion, Heroism


You were on level 4 of the Dungeon.
You worshipped Okawaru.
Okawaru was aware of your devotion.
You visited 2 branches of the dungeon, and saw 5 of its levels.
You also visited: Ossuary.

You collected 330 gold pieces.

Inventory:

Hand Weapons
 a - a +1 spectral war axe (weapon)
 w - a +0 flail of protection
Armour
 b - a +0 scale mail (worn)
 c - a +0 buckler (worn)
Jewellery
 m - a +6 ring of strength (left hand)
 q - an amulet of guardian spirit (around neck)
Wands
 k - a wand of iceblast (4)
Scrolls
 e - a scroll of enchant armour {unknown}
 f - 2 scrolls of brand weapon
 h - a scroll of identify
 i - 2 scrolls of blinking
 j - a scroll of amnesia {unknown}
 o - 4 scrolls of teleportation
 p - a scroll of fog
Potions
 d - 2 potions of might
 g - a potion of heal wounds {unknown}
 l - a potion of curing
 n - a potion of mutation
 r - 2 potions of magic
 s - a potion of haste {unknown}
 t - a potion of invisibility
 u - a potion of flight
 v - a potion of lignification {unknown}


   Skills:
 + Level 4.3 Fighting
 + Level 5.3 Axes
 + Level 4.1 Armour
 + Level 4.1 Shields
 * Level 1.5 Invocations
 * Level 2.1 Evocations


You had 6 spell levels left.
You didn't know any spells.
Your spell library contained the following spells:

 Spells                   Type           Power      Damage    Failure   Level
 Sting                    Tmut/Pois      0%         1d3       77%         1
 Blink                    Tloc           0%         N/A       88%         2
 Lesser Beckoning         Tloc           0%         N/A       88%         2
 Momentum Strike          Conj/Tloc      0%         3d8       88%         2
 Poisonous Vapours        Pois/Air       0%         N/A       88%         2
 Portal Projectile        Hex/Tloc       0%         N/A       98%         3
 Leda's Liquefaction      Hex/Erth       0%         N/A       100%        4
 Olgreb's Toxic Radiance  Pois           0%         N/A       100%        4
 Call Canine Familiar     Summ           Unusable   N/A       N/A         3

Dungeon Overview and Level Annotations

Branches:
Dungeon (4/15)             Temple (1/1) D:4         Ossuary (visited)

Altars:
Ashenzari
Cheibriados
Elyvilon
Fedhas
Okawaru
Sif Muna
Vehumet
Xom
Lugonu


Innate Abilities, Weirdness & Mutations

You are immune to sickness and miasma.
Your stone body is resilient. (AC +4)
You are immune to poison.
You resist negative energy. (rN+)
You are resistant to electric shocks. (rElec)
You are resistant to unholy torment.
You are immune to petrification.
You have an increased reservoir of magic. (+10% MP)
You occasionally lose the ability to drink potions when taking damage.


Message History

The orc closely misses you.
You closely miss the orc.
The orc is heavily wounded.
You are starting to lose your buoyancy.
The orc closely misses you. You block the orc's attack.
You hit the orc.
The orc is almost dead.
You block the orc's attack.
You closely miss the orc.
The orc is almost dead.
The orc hits you but does no damage.
You slash the orc!
You kill the orc!
Okawaru accepts your kill.
You slash the gnoll!
The gnoll is severely wounded.
You flicker for a moment.
You block the gnoll's attack. The gnoll hits you but does no damage.
You barely miss the gnoll.
The gnoll is severely wounded.
You float gracefully downwards.
The gnoll hits you with a +0 whip.
* * * LOW HITPOINT WARNING * * *
You hit the gnoll.
You kill the gnoll!
Okawaru accepts your kill.
You hit the orc.
The orc is almost dead.
The orc barely misses you.
You hit the orc.
You kill the orc!
Okawaru accepts your kill. The gnoll closely misses you.
The gnoll hits you with a +0 whip.
* * * LOW HITPOINT WARNING * * *
You barely miss the gnoll.
You flicker back into view.
The gnoll hits you from afar with a +0 spear.
* * * LOW HITPOINT WARNING * * *
The gnoll hits you with a +0 whip.
You feel threatened and lose the ability to drink potions!
You die...

#################################
....†.........................P..
......†.....†.........P..........
≈≈~~~≈~≈~≈≈~~~≈~~~~~~~~~~~≈~~~~≈≈
≈≈≈≈≈≈≈≈≈≈≈≈††≈≈≈≈≈≈~≈≈≈≈≈≈≈≈≈≈≈~
~≈~~~~≈~≈≈~~~~~~~≈~~~~~~≈~#####≈~
..........................#...#≈~
###########################...#≈~
#...@g.).'....#'###≈~
######g###....#.#.~≈~
o..#.#.)..#.#.~≈~
..g.g#.##'###†#.~≈≈
.......#.#..)...#.~~~
.......'.#......#.≈≈~
#######################.#.~≈≈
.....#....#...........#.#.~≈≈
.....'....).).).......'.#.≈≈~


You could see 2 gnolls.

Vanquished Creatures
  A gnoll sergeant (D:4)
  A howler monkey (D:4)
  4 hounds (D:4)
  A mummy (Ossuary)
  10 gnolls (D:4)
  4 adders
  2 worms
  3 dart slugs
  27 orcs (D:4)
  5 spectral bats (Ossuary)
  9 ball pythons
  4 endoplasms
  A giant cockroach (D:2)
  12 gnoll zombies (Ossuary)
  5 goblins
  10 hobgoblins
  16 jackals
  7 kobolds
  4 quokkas
  8 bats
  3 bat simulacra (Ossuary)
  4 goblin simulacra (Ossuary)
  7 goblin zombies (Ossuary)
  3 hobgoblin zombies (Ossuary)
  8 kobold simulacra (Ossuary)
  4 kobold zombies (Ossuary)
  4 orc zombies (Ossuary)
  8 rats
  4 spectral goblins (Ossuary)
  A spectral kobold (Ossuary)
180 creatures vanquished.

Vanquished Creatures (others)
  3 plants (D:4)
3 creatures vanquished.

Grand Total: 183 creatures vanquished

Notes
Turn   | Place    | Note
-------+----------+-------------------------------------------
     0 | D:1      | bande the Gargoyle Fighter began the quest for the Orb.
     0 | D:1      | Reached XP level 1. HP: 14/14 MP: 1/1
    45 | D:1      | Reached skill level 2 in Axes
   159 | D:1      | Reached XP level 2. HP: 19/19 MP: 2/2
   362 | D:1      | Reached XP level 3. HP: 23/23 MP: 3/3
   710 | D:1      | Found a faded altar of an unknown god.
  1091 | D:2      | Reached skill level 3 in Axes
  1127 | D:2      | Reached XP level 4. HP: 28/28 MP: 4/4
  2738 | D:4      | Reached skill level 1 in Evocations
  2738 | D:4      | Reached XP level 5. HP: 31/33 MP: 3/5
  2775 | D:4      | Found a staircase to the Ecumenical Temple.
  2977 | D:4      | Found a blossoming altar of Fedhas.
  3131 | D:4      | Found a sand-covered staircase.
  3143 | Ossuary  | Entered an ossuary
  3536 | Ossuary  | Reached skill level 4 in Axes
  3606 | D:4      | Reached XP level 6. HP: 38/38 MP: 6/6
  3652 | Temple   | Entered the Ecumenical Temple
  3672 | Temple   | Became a worshipper of Warmaster Okawaru
  3925 | D:4      | Reached skill level 1 in Invocations
  4047 | D:4      | Reached XP level 7. HP: 41/43 MP: 7/7
  4057 | D:4      | Reached skill level 5 in Axes
  4117 | D:4      | Gained mutation: You are weak. (Str -2) [potion of
                  | mutation]
  4117 | D:4      | Lost mutation: You are weak. (Str -2) [potion of mutation]
  4117 | D:4      | Gained mutation: You occasionally lose the ability to drink
                  | potions when taking damage. [potion of mutation]
  4117 | D:4      | Gained mutation: You have an increased reservoir of magic.
                  | (+10% MP) [potion of mutation]
  4122 | D:4      | Reached * piety under Okawaru
  4140 | D:4      | Slain by a gnoll

Illustrated notes

Levels and vault maps discovered:
D:1:      dpeg_arrival_boxes_within_box, layout_basic,
          dilly_ecumenical_altar_fadedgnrine
D:2:      layout_loops_ring, hangedman_abyss_or_decor_stabs
D:3:      layout_basic, serial_corexii_hall, chequers_hall_statues_wall_a,
          chequers_hall_statues_wall_a, corexii_hall_statues_l,
          corexii_hall_statues_s
D:4:      lemuel_castle_with_subvaults [lemuel_castle_interior_carwin_1],
          layout_gridville, fedhas_altar_2, minmay_temple_entry_grid,
          enter_ossuary_1, corexii_shack
Temple:   corrupted_temple

Skill      XL: |  1  2  3  4  5  6  7 |
---------------+----------------------+-----
Axes           | 2 3 4 5 |  5.3
Shields        | 4 |  4.1
Evocations     | 1 2 |  2.1
Fighting       | 4 |  4.3
Invocations    | 1 |  1.5
Armour         | 4 |  4.1

Action                     |  1- 3 |  4- 6 |  7- 9 || total
---------------------------+-------+-------+-------++-------
  Melee: War axe           |   113 |   211 |    44 ||   368
    Use: Scroll            |       |     9 |       ||     9
         Potion            |       |       |     4 ||     4
   Stab: Invisible         |       |       |     4 ||     4
 Armour: Scale mail        |    84 |   105 |    10 ||   199
  Dodge: Dodged            |    60 |    85 |    18 ||   163
  Block: Buckler           |    34 |    48 |     7 ||    89

Table legend: (Time is in decaauts)
 A = Elapsed time spent in this place.
 B = Non-inter-level travel time spent in this place.
 C = Inter-level travel time spent in this place.
 D = Time resting spent in this place.
 E = Time spent auto-exploring this place.
 F = Levels seen in this place.
 G = Mean time per level.
                   A        B        C        D        E       F      G
               +--------+--------+--------+--------+--------+-----+--------+
         Total |   4278 |   4039 |    239 |    210 |   2682 |   6 |  713.0 |
       Dungeon |   3753 |   3514 |    239 |      0 |   2554 |   4 |  938.2 |
        Temple |     39 |     39 |      0 |      0 |      6 |   1 |   39.0 |
       Ossuary |    485 |    485 |      0 |    210 |    122 |   1 |  485.0 |
               +--------+--------+--------+--------+--------+-----+--------+

Top non-repeatable levels by time:
     D:1: 1030 daAuts
     D:4: 1013 daAuts
     D:2: 885 daAuts
     D:3: 823 daAuts
 Ossuary: 485 daAuts
  Temple: 39 daAuts
